 Dungeon Crawl Stone Soup version 0.26-a0-818-g75db068ed4 (webtiles) character file.

Game seed: 498251729992666770

195690 jasper the Severer (level 17, 0/156 HPs)
             Began as a Palentonga Delver on Nov 14, 2020.
             Was the Champion of Ru.
             Slain by a merfolk impaler
             ... wielding a +2 demon trident of freezing
              (1 damage)
             ... on level 4 of the Shoals.
             The game lasted 01:00:10 (34641 turns).

jasper the Severer (Palentonga Delver)             Turns: 34641, Time: 01:00:10

Health: 0/156      AC: 25    Str: 29    XL:     17   Next: 72%
Magic:  11/18      EV:  4    Int: 10    God:    Ru [******]
Gold:   1060       SH:  0    Dex: 20    Spells: 12/18 levels left

rFire    + . .     SeeInvis +   a - +3 war axe
rCold    + + .     Faith    .   i - +2 kite shield {rC+ rF+}
rNeg     . . .     Spirit   .   T - +0 scale mail "Eherrutu" {rElec Regen+ Dex+3}
rPois    +         Reflect  +   P - +2 hat {MR+}
rElec    +         Harm     .   z - +1 cloak "Fuseis" {+Blink rC+ Dex+4}
rCorr    .         Rampage  .   e - +2 pair of gloves
MR       +++..                  (no barding)
Stlth    +.........             Y - amulet of reflection
HPRegen  0.76/turn              A - ring of protection from cold
MPRegen  0.16/turn              b - ring "Vaaxul" {rPois rF+ MR+ Str+7}

@: exhausted, about to teleport, held, drained, curled up
A: large, rugged brown scales 3, see invisible, deformed body, inability to use
devices, inexperienced 1, temperature sensitive, roll 1, armoured tail,
reflexive curl
}: 1/15 runes: serpentine
a: Rolling Charge, Draw Out Power, Power Leap, Apocalypse, Renounce Religion


You were on level 4 of the Shoals.
You worshipped Ru.
Ru was exalted by your worship.
You visited 5 branches of the dungeon, and saw 28 of its levels.

You collected 2906 gold pieces.
You spent 1846 gold pieces at shops.

Inventory:

Hand Weapons
 a - a +3 war axe (weapon)
 Z - a +0 war axe
Missiles
 v - 13 javelins (quivered)
 w - 32 boomerangs
 Q - 49 poisoned darts
 X - 2 throwing nets
Armour
 e - a +2 pair of gloves (worn)
 i - a +2 kite shield of resistance (worn)
 u - the +3 chain mail "Ruim" {rC- Str+7 Int+9}
   (You found it on level 2 of the Shoals)

   It affects your strength (+7).
   It affects your intelligence (+9).
   It makes you vulnerable to cold.
 z - the +1 cloak "Fuseis" (worn) {+Blink rC+ Dex+4}
   (You found it on level 2 of the Snake Pit)

   It affects your dexterity (+4).
   It protects you from cold.
   It lets you blink.
 P - a +2 hat of magic resistance (worn)
 T - the +0 scale mail "Eherrutu" (worn) {rElec Regen+ Dex+3}
   (You found it on level 4 of the Lair of Beasts)

   It affects your dexterity (+3).
   It insulates you from electricity.
   It increases your rate of regeneration.
 W - the +4 chain mail "Noruk" {+Fly rCorr Str+2 SInv}
   (You found it on level 5 of the Lair of Beasts)

   It affects your strength (+2).
   It lets you see invisible.
   It lets you fly.
   It provides partial protection from all sources of acid and corrosion.
Jewellery
 b - the ring "Vaaxul" (right hand) {rPois rF+ MR+ Str+7}
   (You bought it in a shop on level 2 of the Orcish Mines)

   [ring of poison resistance]

   It affects your strength (+7).
   It protects you from fire.
   It protects you from poison.
   It affects your resistance to hostile enchantments.
 k - a +6 ring of strength
 A - a ring of protection from cold (left hand)
 E - an uncursed ring of protection from fire
 H - an uncursed ring of ice
 J - an uncursed ring of ice
 Y - an amulet of reflection (around neck)
Wands
 g - a wand of digging (3)
Scrolls
 c - 4 scrolls of fog
 d - 4 scrolls of magic mapping
 m - 16 scrolls of remove curse
 n - 8 scrolls of enchant armour
 o - 2 scrolls of identify
 r - 14 scrolls of teleportation
 s - 7 scrolls of enchant weapon
 x - 5 scrolls of amnesia
 B - 2 scrolls of immolation
 C - 3 scrolls of silence
 K - a scroll of brand weapon
 L - a scroll of noise
 U - a scroll of holy word
 V - 3 scrolls of vulnerability
Potions
 f - 5 potions of haste
 h - a potion of brilliance
 j - a potion of invisibility
 l - 5 potions of magic
 p - 6 potions of attraction
 q - 3 potions of ambrosia
 D - 3 potions of lignification
 F - a potion of berserk rage {unknown}
 N - 2 potions of curing
 O - 3 potions of mutation
 R - 4 potions of flight
Miscellaneous
 t - a phantom mirror


   Skills:
 * Level 12.1(10.8) Fighting
 + Level 16.1(14.7) Axes
 + Level 15.2(13.8) Armour
 - Level 1.5(0.5) Dodging
 - Level 3.3(2.3) Stealth
 + Level 9.1(7.9) Shields
 - Level 1.0(0.0) Spellcasting
 - Level 6.0(4.8) Necromancy
 - Level 6.0(4.8) Translocations
 - Level 7.0(5.8) Transmutations
 - Level 7.0(5.8) Air Magic


You had 12 spell levels left.
You knew the following spells:

 Your Spells              Type           Power        Failure   Level
a - Swiftness             Air            ##......     12%         2
b - Apportation           Tloc           #.....       12%         1
c - Animate Skeleton      Necr           #.....       12%         1
d - Wereblood             Tmut           ##......     12%         2

Your spell library contained the following spells:

 Spells                   Type           Power        Failure   Level
 Beastly Appendage        Tmut           ##....       8%          1
 Corpse Rot               Necr/Air       N/A          14%         2
 Sublimation of Blood     Necr           #.........   17%         2
 Shock                    Conj/Air       #...         26%         1
 Sting                    Tmut/Pois      #...         26%         1
 Poisonous Vapours        Pois/Air       #.....       36%         2
 Spider Form              Tmut/Pois      #.........   61%         3
 Static Discharge         Conj/Air       #.......     61%         3
 Airstrike                Air            ##........   61%         4
 Corona                   Hex            #......      63%         1
 Freeze                   Ice            #...         63%         1
 Sandblast                Erth           #.....       63%         1
 Summon Small Mammal      Summ           #...         63%         1
 Ignite Poison            Fire/Tmut/Pois #.......     75%         3
 Mephitic Cloud           Conj/Pois/Air  #.......     75%         3
 Dispel Undead            Necr           #.......     75%         4
 Blade Hands              Tmut           ##........   91%         5
 Frozen Ramparts          Ice            #.....       94%         3
 Ozocubu's Armour         Ice            #.......     94%         3
 Ice Form                 Ice/Tmut       #.......     95%         4
 Summon Lightning Spire   Summ/Air       #.......     95%         4
 Agony                    Necr           #.......     97%         5
 Excruciating Wounds      Necr           #.........   97%         5
 Hailstorm                Conj/Ice       #.......     100%        4
 Olgreb's Toxic Radiance  Pois           #.......     100%        4
 Summon Ice Beast         Ice/Summ       #.......     100%        4
 Bolt of Magma            Conj/Fire/Erth #.........   100%        5
 Fireball                 Conj/Fire      #.........   100%        5
 Lightning Bolt           Conj/Air       #.........   100%        5
 Silence                  Hex/Air        #.........   100%        5
 Conjure Ball Lightning   Conj/Air       #.........   100%        6
 Starburst                Conj/Fire      #.........   100%        6
 Ignition                 Fire           #.........   100%        8
 Tornado                  Air            ##........   100%        9


Dungeon Overview and Level Annotations

Branches:
Dungeon (12/15)            Temple (0/1) D:4            Lair (6/6) D:10
 Shoals (4/4) Lair:3        Snake (4/4) Lair:3        Slime (0/5) Lair:5
    Orc (2/2) D:10            Elf (0/3) Orc:2

Altars:
Cheibriados
Dithmenos
Gozag
Hepliaklqana
Makhleb
Qazlal
Ru
Trog
Uskayaw
Vehumet
Wu Jian
Yredelemnul
The Shining One
Beogh
Jiyva

Shops:
D:12 *   Orc:1 ?*=   Orc:2 *(=[

Annotations:
D:5 exclusion: ogre
D:8 3 runed translucent doors, kd29's ghost, novice MfSu
Lair:2 exclusion: 3 oklob plants
Lair:3 1 runed translucent door, Deed's ghost, journeyman MiFi
Lair:5 1 runed translucent door
Shoals:2 3 runed translucent doors, Vucsuq's ghost, adept DEFE
Shoals:4 Ilsuiw


Innate Abilities, Weirdness & Mutations

You are completely covered in rugged brown scales. (AC +3, +7% HP)
You have supernaturally acute eyesight. (SInv)
Armour fits poorly on your strangely shaped body.
You cannot study or use magical devices.
You are somewhat inexperienced. (-2 XL)
You are sensitive to extremes of temperature. (rF-, rC-)
You can roll at nearby foes to attack.
You have a long armoured tail.
You curl defensively after being hit.


Message History

* * * LOW HITPOINT WARNING * * *
You focus your will and illuminate the merfolk impaler in retribution!
Ilsuiw hits you but does no damage.
The snapping turtle is stunned by your will and fails to attack.
You redirect the merfolk javelineer's attack!
The merfolk javelineer throws a javelin.
The javelin misses Ilsuiw.
The javelin barely misses the merfolk.
The javelin completely misses the merfolk.
The merfolk javelineer is stunned by your will and fails to attack.
The merfolk javelineer hits you from afar with a +3 spear of venom!
* * * LOW HITPOINT WARNING * * *
The merfolk hits you but does no damage.
You take 26 damage, and have 11/156 hp.
Unknown command.
Unknown command.
You feel better.
The merfolk impaler hits you with a +2 demon trident of freezing!!
* * * LOW HITPOINT WARNING * * *
The merfolk impaler freezes you.
You die...

..........≈≈≈≈≈
.......<...≈≈≈≈
.?..........≈≈≈
............≈≈≈
........(....≈≈
..####.).....≈≈
.##..mm#[....≈≈
#≈.$#.m#...≈≈≈
#m≈#mm@.....(≈≈
..#≈#tm#m#..≈≈≈
.!≈≈≈#≈..#≈≈≈≈≈
#.#.≈≈≈#..#≈≈≈≈≈
.....≈# ≈##
.#..# ## ..#.
...


You could see Ilsuiw, a merfolk impaler (corona), 3 merfolk javelineers, a
snapping turtle and 2 merfolk.

Vanquished Creatures
  Mara (Shoals:3)
  Gastronok (D:9)
  4 nagarajas (Snake:4)
  An orc warlord (Orc:2)
  Aizul (Snake:1)
  A stone giant (Orc:2)
  A merfolk javelineer (Shoals:3)
  6 merfolk impalers
  Fannar (D:10)
  18 naga warriors
  Harold (Orc:1)
  2 hydras (Lair:4)
  3 boulder beetles
  5 merfolk avatars
  12 anacondas
  A merfolk aquamancer (Shoals:3)
  3 satyrs (Shoals:3)
  11 death yaks
  4 two-headed ogres
  3 orc high priests (Orc:2)
  9 shock serpents
  10 naga sharpshooters
  A salamander mystic (Snake:4)
  13 sea snakes
  An unseen horror (D:11)
  6 naga ritualists
  5 harpies (Shoals:1)
  3 orc knights
  A lindwurm (Lair:5)
  12 mana vipers
  11 fauns (Shoals:3)
  2 cyclopes
  6 orc sorcerers
  5 manticores
  9 salamanders
  Maurice (Orc:2)
  6 elephants (Lair:3)
  37 black mambas
  7 merfolk sirens
  13 guardian serpents
  12 naga magi
  4 water nymphs
  11 cane toads
  Maggie (D:9)
  8 komodo dragons
  3 rime drakes
  A kobold demonologist (D:11)
  16 merfolk
  A hornet (D:12)
  4 trolls
  Grinder (D:3)
  3 wind drakes
  9 snapping turtles
  24 blink frogs
  3 dream sheep (Shoals:1)
  A spriggan (D:10)
  3 water elementals (Shoals:3)
  Eustachio (D:5)
  4 wyverns
  6 basilisks
  23 yaks
  2 steam dragons
  4 wargs
  50 nagas
  2 acid dragons (D:11)
  12 water moccasins
  27 orc warriors
  An eye of draining (D:11)
  2 ice beasts
  A phantom (D:4)
  3 sky beasts
  6 black bears
  2 necrophages
  13 ogres
  7 centaurs
  13 wolves
  11 bullfrogs
  A big kobold (D:9)
  2 scorpions (D:11)
  10 killer bees
  2 electric eels
  A howler monkey (D:11)
  A bullfrog zombie (D:5)
  2 jellies
  A quasit (D:9)
  3 hounds
  9 orc wizards
  2 bullfrog skeletons
  13 orc priests
  5 iguanas
  6 worker ants
  A hound zombie (D:5)
  A mummy (D:5)
  4 hound skeletons
  4 gnolls (D:3)
  11 adders
  3 shadow imps
  7 white imps
  2 ufetubi (D:7)
  An adder zombie (D:8)
  An adder skeleton (D:4)
  A worm (D:5)
  4 dart slugs
  4 leopard geckos
  42 orcs
  2 ball pythons
  6 bats
  3 giant cockroaches
  10 goblins
  8 hobgoblins
  6 jackals
  11 quokkas
  6 frilled lizards
  A jackal skeleton (D:4)
  13 kobolds
  A leopard gecko skeleton (D:4)
  A leopard gecko zombie (D:7)
  2 quokka skeletons (D:9)
  A quokka zombie (D:8)
  4 rats
  A spectral orc (D:5)
753 creatures vanquished.

Vanquished Creatures (others)
  2 nagarajas (Snake:4)
  A naga warrior (Snake:4)
  2 sea snakes
  A guardian serpent (Snake:4)
  3 black mambas
  A naga mage (Snake:3)
  A cane toad (Lair:4)
  A merfolk (Shoals:3)
  A wyvern (D:12)
  An orc warrior (Orc:2)
  2 wolves (Lair:6)
  An ogre (D:6)
  An adder (D:10)
  2 bushes (D:10)
  54 fungi
  55 plants
129 creatures vanquished.

Grand Total: 882 creatures vanquished

Notes
Turn   | Place    | Note
-------+----------+-------------------------------------------
     0 | D:5      | jasper the Palentonga Delver began the quest for the Orb.
     0 | D:5      | Reached XP level 1. HP: 20/20 MP: 1/1
    33 | D:5      | Noticed an ogre
   104 | D:5      | Noticed an ice beast
   124 | D:4      | Noticed a worker ant
   172 | D:2      | Reached skill level 3 in Axes
   172 | D:2      | Reached XP level 2. HP: 23/27 MP: 2/2
   407 | D:2      | Reached XP level 3. HP: 29/33 MP: 3/3
   577 | D:2      | Found a sacrificial altar of Ru.
   708 | D:2      | Became a worshipper of Ru the Awakened
   937 | D:2      | Reached skill level 4 in Axes
  1309 | D:2      | Found a faded altar of an unknown god.
  1535 | D:1      | Reached XP level 4. HP: 40/40 MP: 4/4
  1895 | D:1      | Gained mutation: You cannot study or use magical devices.
                  | [Ru sacrifice]
  1895 | D:1      | Reached * piety under Ru
  1895 | D:1      | Reached ** piety under Ru
  2497 | D:3      | Reached skill level 5 in Axes
  2634 | D:3      | Reached XP level 5. HP: 28/48 MP: 5/5
  3100 | D:3      | Noticed Grinder
  3100 | D:3      | Paralysed by Grinder for 2 turns
  3113 | D:3      | Paralysed by Grinder for 3 turns
  3119 | D:3      | Paralysed by Grinder for 6 turns
  3136 | D:3      | Paralysed by Grinder for 3 turns
  3157 | D:3      | Killed Grinder
  3158 | D:3      | Reached skill level 6 in Axes
  3158 | D:3      | Reached XP level 6. HP: 10/54 MP: 6/6
  3450 | D:3      | Reached skill level 7 in Axes
  4364 | D:4      | Noticed a +0 dagger
  4364 | D:4      | Noticed a +0 dagger
  4365 | D:4      | Found a hide-covered altar of Uskayaw.
  4399 | D:4      | Found a staircase to the Ecumenical Temple.
  4417 | D:4      | Gained mutation: You curl defensively after being hit.
                  | [Palentonga growth]
  4417 | D:4      | Reached XP level 7. HP: 58/60 MP: 7/7
  4954 | D:4      | Gained mutation: You are sensitive to extremes of
                  | temperature. (rF-, rC-) [Ru sacrifice]
  4954 | D:4      | Reached *** piety under Ru
  4954 | D:4      | Reached **** piety under Ru
  4954 | D:4      | Reached ***** piety under Ru
  4966 | D:5      | Reached skill level 8 in Axes
  5060 | D:5      | Noticed Eustachio
  5091 | D:5      | Killed Eustachio
  5173 | D:5      | Found a glowing golden altar of the Shining One.
  5191 | D:5      | Reached skill level 9 in Axes
  5519 | D:5      | Reached XP level 8. HP: 67/67 MP: 8/8
  5804 | D:6      | Reached skill level 10 in Axes
  5832 | D:6      | Found a radiant altar of Vehumet.
  6059 | D:6      | Found a bloodstained altar of Trog.
  6095 | D:6      | Found a stormy altar of Qazlal.
  6220 | D:6      | Reached skill level 1 in Shields
  6287 | D:6      | Found an ornate altar of the Wu Jian Council.
  6845 | D:7      | Learned a level 2 spell: Swiftness
  6901 | D:7      | Reached skill level 5 in Fighting
  7271 | D:7      | Found a burning altar of Makhleb.
  7394 | D:7      | Reached XP level 9. HP: 75/79 MP: 9/9
  7443 | D:7      | Found a basalt altar of Yredelemnul.
  7858 | D:8      | Gained mutation: You are somewhat inexperienced. (-2 XL)
                  | [Ru sacrifice]
  7858 | D:8      | Reached XP level 8. HP: 74/74 MP: 8/8
  7858 | D:8      | Reached XP level 7. HP: 66/66 MP: 7/7
  7858 | D:8      | Reached ****** piety under Ru
  8046 | D:8      | Reached skill level 1 in Spellcasting
  8377 | D:8      | Found a runed translucent gate.
  8378 | D:8      | Found a runed translucent gate.
  8378 | D:8      | Noticed kd29's ghost (novice MfSu)
  8379 | D:8      | Found a runed translucent gate.
  8599 | D:8      | Noticed a shadow
  8600 | D:8      | Found a shadowy altar of Dithmenos.
  8601 | D:8      | Found a hazy altar of Hepliaklqana.
  8817 | D:9      | Reached XP level 8. HP: 55/75 MP: 9/9
  8943 | D:9      | Learned a level 1 spell: Apportation
  8959 | D:9      | Learned a level 1 spell: Animate Skeleton
  9060 | D:9      | Noticed a two-headed ogre
  9060 | D:9      | Noticed Gastronok
  9061 | D:9      | Killed a two-headed ogre
  9062 | D:9      | Reached skill level 5 in Shields
  9072 | D:9      | Noticed a troll
  9073 | D:9      | Noticed Maggie
  9371 | D:9      | Noticed a troll
  9371 | D:9      | Killed a troll
  9372 | D:9      | Reached XP level 9. HP: 36/87 MP: 1/10
  9390 | D:9      | HP: 1/130 [troll (6)]
  9392 | D:9      | Killed a troll
 10189 | D:9      | Learned a level 2 spell: Wereblood
 10212 | D:9      | Killed Maggie
 10265 | D:9      | Noticed a two-headed ogre
 10272 | D:9      | Killed a two-headed ogre
 10848 | D:10     | Entered Level 10 of the Dungeon
 10888 | D:10     | Reached XP level 10. HP: 93/99 MP: 5/11
 11059 | D:10     | Noticed a two-headed ogre
 11068 | D:10     | Killed a two-headed ogre
 11069 | D:10     | Reached skill level 10 in Fighting
 11210 | D:10     | Found a staircase to the Orcish Mines.
 11272 | D:10     | Found a staircase to the Lair.
 11426 | D:10     | Noticed Fannar
 11431 | D:10     | Killed Fannar
 12361 | D:11     | Found an opulent altar of Gozag.
 12388 | D:11     | Reached XP level 11. HP: 82/105 MP: 12/12
 12827 | D:11     | Noticed an unseen horror
 12838 | D:11     | Reached skill level 11 in Axes
 12847 | D:11     | Killed an unseen horror
 12965 | D:11     | Noticed a two-headed ogre
 12969 | D:11     | Killed a two-headed ogre
 13685 | D:12     | Found Kaisi's Assorted Antiques.
 13692 | D:12     | Bought a scroll of identify for 66 gold pieces
 13692 | D:12     | Bought a potion of curing for 99 gold pieces
 13692 | D:12     | Bought a scroll of fog for 66 gold pieces
 13692 | D:12     | Bought a scroll of enchant armour for 247 gold pieces
 13936 | D:12     | Reached skill level 12 in Axes
 14267 | D:9      | Killed Gastronok
 14892 | D:5      | Found a basalt altar of Yredelemnul.
 14983 | D:5      | Found a snail-covered altar of Cheibriados.
 15121 | Lair:1   | Entered Level 1 of the Lair of Beasts
 15150 | Lair:1   | Reached skill level 13 in Axes
 16294 | Lair:1   | Reached XP level 12. HP: 113/113 MP: 7/13
 16598 | Lair:1   | Reached skill level 14 in Axes
 16598 | Lair:1   | Reached skill level 1 in Armour
 17686 | Lair:2   | HP: 4/113 [komodo dragon (14)]
 17701 | Lair:2   | Reached skill level 5 in Armour
 18057 | Lair:2   | Noticed a boulder beetle
 18206 | Lair:2   | Killed a boulder beetle
 18852 | Lair:3   | Noticed Deed's ghost (journeyman MiFi)
 19265 | Lair:3   | Found a runed translucent door.
 19494 | Lair:3   | Found a staircase to the Snake Pit.
 19763 | Lair:3   | Reached XP level 13. HP: 120/120 MP: 14/14
 19805 | Lair:3   | Found a staircase to the Shoals.
 19810 | Lair:3   | Reached skill level 10 in Armour
 20268 | Lair:4   | Reached XP level 14. HP: 106/129 MP: 6/15
 21083 | Lair:4   | Got a jewelled scale mail
 21094 | Lair:4   | Identified the +0 scale mail "Eherrutu" {rElec Regen+
                  | Dex+3} (You found it on level 4 of the Lair of Beasts)
 21813 | Lair:5   | Found a runed translucent door.
 21814 | Lair:5   | Found a viscous altar of Jiyva.
 21816 | Lair:5   | Found a staircase to the Slime Pits.
 22009 | Lair:5   | Identified the +4 chain mail "Noruk" {+Fly rCorr Str+2
                  | SInv} (You found it on level 5 of the Lair of Beasts)
 22423 | Lair:6   | Entered Level 6 of the Lair of Beasts
 22556 | Orc:1    | Entered Level 1 of the Orcish Mines
 22556 | Orc:1    | Found Edarequq's Magic Scroll Emporium.
 22709 | Orc:1    | Found Rijawoqo's General Store.
 22715 | Orc:1    | Noticed Harold
 22717 | Orc:1    | Killed Harold
 23013 | Orc:1    | Paralysed by an orc sorcerer for 2 turns
 23295 | Orc:1    | Found Xuwous's Jewellery Emporium.
 23300 | Orc:1    | Bought an uncursed amulet of reflection for 360 gold pieces
 23481 | Orc:2    | Entered Level 2 of the Orcish Mines
 23481 | Orc:2    | Found a staircase to the Elven Halls.
 23489 | Orc:2    | Noticed a stone giant
 23499 | Orc:2    | Found Ules's Jewellery Shop.
 23500 | Orc:2    | Killed a stone giant
 23936 | Orc:2    | Noticed an orc warlord
 23947 | Orc:2    | Killed an orc warlord
 23996 | Orc:2    | Noticed Maurice
 24001 | Orc:2    | Killed Maurice
 24070 | Orc:2    | Found Raclotuz's General Store.
 24086 | Orc:2    | Found Vearatu's Antique Weapon Shoppe.
 24134 | Orc:2    | Found Bututux's Antique Armour Boutique.
 24250 | Orc:2    | Found a roughly hewn altar of Beogh.
 24544 | Orc:2    | Bought the ring "Vaaxul" {rPois rF+ MR+ Str+7} for 597 gold
                  | pieces
 24590 | Orc:1    | Bought a scroll of enchant weapon for 90 gold pieces
 24590 | Orc:1    | Bought a scroll of teleportation for 36 gold pieces
 24637 | Orc:2    | Bought a pair of glowing gloves for 285 gold pieces
 25480 | Snake:1  | Entered Level 1 of the Snake Pit
 25484 | Snake:1  | Reached XP level 15. HP: 134/134 MP: 10/16
 26215 | Snake:1  | Noticed Aizul
 26241 | Snake:1  | Killed Aizul
 26777 | Snake:2  | Reached skill level 15 in Armour
 27097 | Snake:2  | Got a distressingly furry cloak
 27108 | Snake:2  | Identified the +1 cloak "Fuseis" {+Blink rC+ Dex+4} (You
                  | found it on level 2 of the Snake Pit)
 28179 | Snake:3  | Identified the Handbook of the Dusty Birds
 28461 | Snake:3  | Reached skill level 15 in Axes
 29117 | Snake:4  | Entered Level 4 of the Snake Pit
 29165 | Snake:4  | Noticed a nagaraja
 29166 | Snake:4  | Noticed a nagaraja
 29172 | Snake:4  | Reached skill level 16 in Axes
 29181 | Snake:4  | Noticed a nagaraja
 29366 | Snake:3  | Reached XP level 16. HP: 129/143 MP: 17/17
 29389 | Snake:4  | Reached skill level 1 in Necromancy
 29389 | Snake:4  | Reached skill level 1 in Translocations
 29389 | Snake:4  | Reached skill level 1 in Transmutations
 29392 | Snake:4  | Reached skill level 1 in Air Magic
 30498 | Snake:4  | Got a serpentine rune of Zot
 31057 | Snake:4  | Reached skill level 5 in Necromancy
 31065 | Snake:4  | Reached skill level 5 in Translocations
 31065 | Snake:4  | Reached skill level 5 in Transmutations
 31312 | Snake:4  | Reached XP level 17. HP: 135/156 MP: 18/18
 31574 | Shoals:1 | Entered Level 1 of the Shoals
 32408 | Shoals:2 | Found a runed translucent gate.
 32408 | Shoals:2 | Found a runed translucent gate.
 32408 | Shoals:2 | Found a runed translucent gate.
 32414 | Shoals:2 | Noticed Vucsuq's ghost (adept DEFE)
 32858 | Shoals:2 | Got a heavily runed chain mail
 32869 | Shoals:2 | Identified the +3 chain mail "Ruim" {rC- Str+7 Int+9} (You
                  | found it on level 2 of the Shoals)
 33241 | Shoals:3 | Reached skill level 5 in Air Magic
 33829 | Shoals:3 | Noticed Mara
 33844 | Shoals:3 | Noticed jasper's illusion
 33860 | Shoals:3 | Killed Mara
 34627 | Shoals:4 | Entered Level 4 of the Shoals
 34629 | Shoals:4 | Noticed Ilsuiw
 34641 | Shoals:4 | HP: 1/156 [merfolk impaler/+2 demon trident of freezing
                  | (18)]
 34641 | Shoals:4 | Slain by a merfolk impaler

Illustrated notes

Levels and vault maps discovered:
D:1:      scummos_arrival_simple_crosswalls, layout_basic, minivault_26,
          hangedman_decor_points, chequers_mini_garden
D:2:      layout_loops_ring, chequers_ecumenical_altar_grove,
          nicolae_ru_path_of_blood
D:3:      layout_loops_cross, uniq_grinder
D:4:      layout_basic, dancing_weapons_uskayaw, minmay_temple_entry_junction_2
D:5:      layout_loops_ring, slow_altar_2, yredelemnul_forgotten_temple_becter,
          old_standard_altar, uniq_eustachio
D:6:      layout_loops_cross, kennysheep_mini_moat, bloody_trog,
          lemuel_coloured_pillars_altar, nicolae_qazlal_eye_of_the_storm,
          kennysheep_generic_room_16
D:7:      layout_rooms, nicolae_overflow_crystal_walls,
          nicolae_overflow_hidden_temple, basic_altar
D:8:      layout_basic, riverfiend_overflow_shadow_ancestor,
          gammafunk_ghost_split
D:9:      layout_irregular_city, uniq_gastronok, uniq_maggie
D:10:     layout_grid_maze, minmay_lair_entry_grove, orc_david_3, the_bakery,
          uniq_fannar
D:11:     layout_loops_ring, nicolae_gozag_cash_rules_everything_around_me
D:12:     layout_basic, serial_shops, kennysheep_little_box
Lair:1:   layout_cave_pods, chequers_serial_rivers_marsh, serial_bayou_shore_a,
          serial_bayou_shore_b
Lair:2:   layout_cave_pods, st_stairs_4, minmay_lair_oklob_chamber
Lair:3:   layout_layer_cave, elwin_shoals_entry_rooms,
          guppyfry_snake_entry_island, hellmonk_ghost_happy_afterlife,
          beast_lair_carwin_6
Lair:4:   layout_regular_city
Lair:5:   layout_gridlike, slime_altar_2, serial_bayou_shore_b
Lair:6:   evilmike_catoblepas_cave, layout_hall_layers,
          infiniplex_staircase_pool
Shoals:1: layout_shoals
Shoals:2: layout_shoals, gammafunk_ghost_necromancy
Shoals:3: layout_shoals, uniq_mara
Shoals:4: shoals_end_hangedman, layout_shoals, shoals_ilsuiw_alternative,
          nicolae_shoals_this_corrosion
Snake:1:  layout_onion, nrook_loot_triangle, grunt_ministairs_14, st_stairs_4,
          uniq_aizul
Snake:2:  layout_basic, nrook_guardian_serpent_double
Snake:3:  cheibrodos_forgotten_conduit, layout_chambers
Snake:4:  grunt_snake_rune_pools, layout_gridlike
Orc:1:    layout_diamond_mine, serial_shops, nicolae_shop_waterfront,
          nicolae_shop_competitors_out_of_business, nicolae_shop_stone,
          nicolae_shop_trees, uniq_harold
Orc:2:    grunt_orc_gardens, layout_diamond_mine, grunt_orc_garden,
          grunt_orc_garden, grunt_orc_garden, grunt_orc_garden, basic_altar,
          uniq_maurice

Skill      XL: |  1  2  3  4  5  6  7  8  9 10 11 12 13 14 15 16 17 |
---------------+----------------------------------------------------+-----
Axes           | 3 4 5 6 7 9 10 13 14 16 | 16.1
Shields        | 4 5 6 9 |  9.1
Fighting       | 6 8 9 10 11 12 | 12.1
Spellcasting   | 1 |  1.0
Armour         | 9 10 13 15 | 15.2
Necromancy     | 5 6 |  6.0
Translocations | 5 6 |  6.0
Transmutations | 5 7 |  7.0
Air Magic      | 4 7 |  7.0
Dodging        | |  1.5
Stealth        | |  3.3

Action                   |  1- 3 |  4- 6 |  7- 9 | 10-12 | 13-15 | 16-18 || total
-------------------------+-------+-------+-------+-------+-------+-------++-------
Melee: Hand axe          |    68 |   200 |   448 |   654 |   229 |       ||  1599
       Tailslap          |     5 |    20 |    59 |   123 |   179 |   195 ||   581
       War axe           |       |       |       |       |   580 |   733 ||  1313
Throw: Dart              |    23 |    25 |    20 |    16 |       |       ||    84
       Javelin           |       |     8 |    15 |    19 |    24 |     4 ||    70
Invok: Sacrifice Artific |       |     1 |       |       |       |       ||     1
       Power Leap        |       |       |     4 |    25 |    48 |    25 ||   102
       Sacrifice Experie |       |       |     1 |       |       |       ||     1
       Sacrifice Resista |       |       |     1 |       |       |       ||     1
       Apocalypse        |       |       |     4 |     4 |     7 |     8 ||    23
       Draw Out Power    |       |       |     1 |       |       |       ||     1
 Abil: Rolling Charge    |     8 |    13 |    44 |    59 |    80 |    65 ||   269
  Use: Potion            |       |     5 |     3 |     2 |     2 |     3 ||    15
       Scroll            |       |       |    13 |     7 |    14 |     3 ||    37
 Stab: Sleeping          |     2 |     3 |     2 |     1 |       |       ||     8
       Paralysed         |       |       |    12 |    16 |    35 |    13 ||    76
       Invisible         |       |       |    12 |     8 |    14 |    16 ||    50
       Distracted        |       |       |     1 |     2 |     6 |     3 ||    12
       Petrified         |       |       |       |     3 |       |       ||     3
       Petrifying        |       |       |       |     1 |       |       ||     1
       Held in net/web   |       |       |       |       |       |     1 ||     1
Armor: Leather armour    |    25 |     3 |       |       |       |       ||    28
       Ring mail         |       |    62 |    87 |       |       |       ||   149
       Skin              |       |     9 |     3 |       |       |       ||    12
       Scale mail        |       |       |    51 |   104 |   213 |   155 ||   523
Dodge: Dodged            |    20 |    37 |    80 |    76 |   160 |    97 ||   470
Block: Kite shield       |    12 |    65 |   163 |   204 |   508 |   516 ||  1468
       Reflection        |       |       |       |       |    25 |    65 ||    90

Table legend: (Time is in decaauts)
 A = Elapsed time spent in this place.
 B = Non-inter-level travel time spent in this place.
 C = Inter-level travel time spent in this place.
 D = Time resting spent in this place.
 E = Time spent auto-exploring this place.
 F = Levels seen in this place.
 G = Mean time per level.
                   A        B        C        D        E       F      G
               +--------+--------+--------+--------+--------+-----+--------+
         Total |  34373 |  32672 |   1701 |   3605 |  24041 |  28 | 1227.6 |
       Dungeon |  15289 |  14405 |    884 |   1732 |  10609 |  12 | 1274.1 |
          Lair |   8070 |   7645 |    425 |    868 |   5928 |   6 | 1345.0 |
        Shoals |   3177 |   3108 |     69 |    229 |   2210 |   4 |  794.2 |
     Snake Pit |   5898 |   5779 |    119 |    655 |   4054 |   4 | 1474.5 |
  Orcish Mines |   1937 |   1734 |    203 |    120 |   1239 |   2 |  968.5 |
               +--------+--------+--------+--------+--------+-----+--------+

Top non-repeatable levels by time:
     D:9: 2322 daAuts
  Lair:2: 2093 daAuts
  Lair:1: 1913 daAuts
 Snake:4: 1866 daAuts
 Snake:3: 1789 daAuts
    D:10: 1692 daAuts
  Lair:3: 1682 daAuts
     D:3: 1622 daAuts
     D:7: 1538 daAuts
     D:4: 1357 daAuts
     D:2: 1324 daAuts
Shoals:3: 1272 daAuts
 Snake:1: 1184 daAuts
    D:11: 1096 daAuts
Shoals:2: 1090 daAuts
